 Dungeon Crawl Stone Soup version 0.28.0-43-g3370ac3207 (webtiles) character file.

Game seed: 4592600560673709053

1316 pkoi the Ruffian (level 8, -8/68 HPs)
             Began as a White Draconian Monk on Mar 11, 2022.
             Mangled by an ogre
             ... wielding a +0 giant spiked club
              (29 damage)
             ... on level 4 of the Dungeon.
             The game lasted 00:11:35 (7021 turns).

pkoi the Ruffian (White Draconian Monk)             Turns: 7021, Time: 00:11:35

Health: -8/68      AC:  7    Str: 15    XL:     8   Next: 33%
Magic:  8/8        EV: 13    Int: 12    God:
Gold:   244        SH:  0    Dex: 13    Spells: 5/7 levels left

rFire   . . .      SeeInvis .     - Unarmed
rCold   + . .      Faith    .   (no shield)
rNeg    + . .      Spirit   .   (armour unavailable)
rPois   +          Reflect  .   (helmet restricted)
rElec   .          Harm     .   o - +0 cloak
rCorr   .          Rampage  .   (no gloves)
Will    .....                   (no boots)
Stlth   ++........              (no amulet)
HPRegen 0.21/turn               j - ring of poison resistance
MPRegen 0.11/turn               i - ring of positive energy

@: no status effects
A: breathe frost, AC +6, unfitting armour, cold resistance 1, cold-blooded
a: Breathe Frost


You were on level 4 of the Dungeon.
You visited 1 branch of the dungeon, and saw 5 of its levels.
You also visited: Sewer.

You collected 244 gold pieces.

Inventory:

Hand Weapons
 m - a +1 dagger of flaming
Armour
 o - a +0 cloak (worn)
Jewellery
 g - a +6 ring of intelligence
 i - a ring of positive energy (right hand)
 j - a ring of poison resistance (left hand)
Wands
 h - a wand of digging (9)
 n - a wand of mindburst (6)
Scrolls
 a - 3 scrolls of teleportation
 d - 3 scrolls of magic mapping
 k - a scroll of brand weapon
 q - 2 scrolls of enchant armour
 r - 2 scrolls of fear
Potions
 b - 2 potions of might
 c - 3 potions of curing
 f - a potion of heal wounds
 s - a potion of mutation {unknown}
 t - a potion of magic {unknown}


   Skills:
 + Level 5.3 Fighting
 + Level 4.3 Dodging
 + Level 4.1 Stealth
 * Level 7.5 Unarmed Combat
 + Level 3.1 Evocations


You had 5 spell levels left.
You knew the following spells:

 Your Spells              Type           Power      Damage    Failure   Level
a - Passwall              Tmut/Erth      0%         N/A       45%         2

Your spell library contained the following spells:

 Spells                   Type           Power      Damage    Failure   Level
 Sandblast                Erth           0%         2d4       32%         1
 Gell's Gravitas          Tloc           0%         N/A       69%         3
 Stone Arrow              Conj/Erth      0%         3d7       69%         3
 Teleport Other           Tloc           0%         N/A       69%         3
 Fireball                 Conj/Fire      0%         3d3       100%        5
 Dispersal                Tloc           0%         N/A       100%        6
 Starburst                Conj/Fire      0%         6d3       100%        6
 Ignition                 Fire           0%         3d3       100%        8


Dungeon Overview and Level Annotations

Branches:
Dungeon (5/15)              Sewer (visited)
 Temple: D:4-7

Altars:
Gozag

Shops:
D:3 (*??=

Annotations:
D:2 Sigmund
D:4 1 runed translucent door, Icepheonix32's ghost, novice DrFE


Innate Abilities, Weirdness & Mutations

You can breathe waves of freezing cold which knock back foes.
Your icy white scales are hard. (AC +6)
You cannot fit into any form of body armour.
Your flesh is cold resistant. (rC+)
You are cold-blooded and may be slowed by cold attacks.


Message History

* * * LOW HITPOINT WARNING * * *
You hit the yak.
The yak is severely wounded.
The yak barely misses you.
You punch the yak!
The yak is almost dead.
You punch the yak!
You kill the yak!
Your Stealth skill increases to level 4!
Your Evocations skill increases to level 3!
The yak closely misses you.
An adder comes into view.
The adder moves out of view.
The yak bellows!
An ogre comes into view. It is wielding a +0 giant spiked club.
Found 17 gold pieces.
The ogre shouts!
The ogre moves out of view.
Found a stone staircase leading up.
The ogre misses you.
You hit the ogre. Your punch misses the ogre.
The ogre is moderately wounded.
An iguana comes into view.
The ogre hits you with a +0 giant spiked club.
* * * LOW HITPOINT WARNING * * *
Found a scroll of identify.
The ogre closely misses you.
The iguana hisses angrily.
The adder barely misses you. x2
The adder barely misses you. The adder closely misses you.
There is a stone staircase leading up here.
The ogre hits you with a +0 giant spiked club!
* * * LOW HITPOINT WARNING * * *
The adder bites you but does no damage.
You climb upwards.
Level annotation: 1 runed translucent door, Icepheonix32's ghost, novice DrFE
There is a stone staircase leading down here.
The adder bites you but does no damage.
The ogre hits you with a +0 giant spiked club!!
You die...

#............# #...
#............# ####
#............#
#............# ####
###.##############...
#...........##.....
#.........#.#......
#####.#######.#.#..##.#
#.....@>...##.#.#..##.#
#.###.OS...##.#.#..##.#
#.# #.#######..........
#.###.# ###.##.##.#
#.....# #.##.....
####### #######.# #.#
#.. #.#


You could see an ogre and an adder.

Vanquished Creatures
  A yak (D:5)
  2 ogres (D:4)
  A phantom (D:3)
  2 bullfrogs (Sewer)
  Blork the orc (D:3)
  A bullfrog zombie (D:3)
  A jelly (D:4)
  An orc priest (D:4)
  4 iguanas
  A bullfrog skeleton (D:4)
  A centaur skeleton (D:5)
  An orc wizard (D:4)
  2 hound skeletons (D:4)
  10 gnolls
  8 adders
  11 river rats
  An ufetubus (D:4)
  2 adder skeletons (D:4)
  3 worms
  4 dart slugs
  8 orcs
  9 ball pythons
  8 endoplasms
  5 giant cockroaches
  8 goblins
  7 hobgoblins
  22 jackals
  7 kobolds
  4 quokkas
  4 bats
  10 frilled lizards
  27 rats
177 creatures vanquished.

Notes
Turn   | Place    | Note
-------+----------+-------------------------------------------
     0 | D:1      | pkoi the Draconian Monk began the quest for the Orb.
     0 | D:1      | Reached XP level 1. HP: 19/19 MP: 1/1
    70 | D:1      | Found a faded altar of an unknown god.
   244 | D:1      | Reached XP level 2. HP: 26/26 MP: 2/2
   395 | D:1      | Reached skill level 4 in Unarmed Combat
   695 | D:1      | Reached XP level 3. HP: 31/31 MP: 3/3
  1311 | D:2      | Noticed Sigmund
  1597 | D:3      | Reached XP level 4. HP: 38/38 MP: 4/4
  1629 | D:3      | Reached skill level 5 in Unarmed Combat
  1984 | D:3      | Found Irec's General Store.
  2002 | D:3      | Found Naporube's Magic Scroll Shoppe.
  2037 | D:3      | Found Doareuci's Jewellery Boutique.
  2082 | D:3      | Found Ucie's Magic Scroll Boutique.
  2151 | D:3      | Found Kyhag's Antique Weapon Shoppe.
  2861 | D:3      | Reached XP level 5. HP: 35/45 MP: 5/5
  3182 | D:4      | Found a runed translucent door.
  3459 | D:4      | Noticed Icepheonix32's ghost (novice DrFE)
  3471 | D:4      | Noticed an ogre
  3473 | D:4      | Found an opulent altar of Gozag.
  4265 | D:4      | Reached XP level 6. HP: 52/52 MP: 6/6
  4364 | D:3      | Reached skill level 1 in Evocations
  4495 | D:4      | Reached skill level 6 in Unarmed Combat
  4627 | D:4      | Noticed Blork the orc
  4662 | D:3      | Killed Blork the orc
  5127 | D:4      | Your scales start taking on an icy white colour.
  5127 | D:4      | Reached XP level 7. HP: 53/59 MP: 7/7
  5127 | D:4      | Gained mutation: Your flesh is cold resistant. (rC+) [White
                  | Draconian growth]
  5704 | D:5      | Entered Level 5 of the Dungeon
  5877 | D:5      | Found a glowing drain.
  5883 | Sewer    | Entered a sewer
  6530 | Sewer    | Reached skill level 7 in Unarmed Combat
  6621 | Sewer    | Learned a level 2 spell: Passwall
  6678 | Sewer    | Reached skill level 5 in Fighting
  6678 | Sewer    | Reached XP level 8. HP: 68/68 MP: 8/8
  7021 | D:4      | Mangled by an ogre

Illustrated notes

Levels and vault maps discovered:
D:1:      amcnicky_arrival_choice, layout_loops_ring,
          dreamdust_ecumenical_altar_statues
D:2:      layout_basic, uniq_sigmund
D:3:      minmay_wonky_spiral, layout_loops_cross, serial_shops,
          nicolae_shop_statue_plus, shop, shop, nicolae_shop_hallway_stairs,
          nicolae_square_shop
D:4:      layout_basic, grunt_gozag_statues, ebering_ghost_reflecting_pool,
          minmay_puff, uniq_blork_the_orc
D:5:      layout_loops_cross, portal_sewer_entry_e, fountainhead

Skill      XL: |  1  2  3  4  5  6  7  8 |
---------------+-------------------------+-----
Unarmed Combat | 4 5 6 7 |  7.5
Stealth        | 2 3 4 |  4.1
Dodging        | 3 4 |  4.3
Evocations     | 1 2 3 |  3.1
Fighting       | 4 5 |  5.3

Action                   |  1- 3 |  4- 6 |  7- 9 || total
-------------------------+-------+-------+-------++-------
Melee: Unarmed           |   159 |   195 |   257 ||   611
       Tailslap          |    25 |    35 |    23 ||    83
       Punch             |     6 |     5 |     7 ||    18
       Dagger            |       |    11 |       ||    11
 Abil: Breathe Frost     |       |       |     4 ||     4
  Use: Potion            |       |     3 |     1 ||     4
       Scroll            |       |       |     9 ||     9
 Stab: Sleeping          |     5 |     7 |     2 ||    14
       Distracted        |     1 |       |       ||     1
Armor: Skin              |    57 |    32 |   136 ||   225
Dodge: Dodged            |   129 |    98 |   222 ||   449
